 Dungeon Crawl Stone Soup version 0.30.0-29-ga12c61a403 (webtiles) character file.

Game seed: 6798223056079983649

14 Peloso the Trooper (level 2, 27/27 HPs)
             Began as a Minotaur Fighter on June 24, 2023.
             Got out of the dungeon alive.
             The game lasted 00:00:48 (634 turns).

Peloso the Trooper (Minotaur Fighter)                Turns: 634, Time: 00:00:48

Health: 27/27      AC:  7    Str: 20    XL:     2   Next: 31%
Magic:  1/1        EV:  9    Int:  5    God:
Gold:   65         SH:  4    Dex:  9    Spells: 1/1 levels left

rFire   . . .        a - +0 long sword
rCold   . . .        c - +0 buckler
rNeg    . . .        b - +0 scale mail
rPois   .            (helmet restricted)
rElec   .            (no cloak)
rCorr   .            (no gloves)
SInv    .            (no boots)
Will    .....        (no amulet) Stlth
                     (no ring)
HPRegen 0.24/turn    (no ring)
MPRegen 0.07/turn

%: no passive effects
@: no status effects
A: horns 2, retaliatory headbutt, talons 1, teleportitis 1, MP-powered wands
a: no special abilities


You escaped.
You visited 1 branch of the dungeon, and saw 1 of its levels.

You collected 65 gold pieces.

Inventory:

Hand Weapons
 a - a +0 long sword (weapon)
Armour
 b - a +0 scale mail (worn)
 c - a +0 buckler (worn)
Jewellery
 i - a ring of positive energy
Scrolls
 g - a scroll of teleportation {unknown}
 h - a scroll of amnesia {unknown}
 j - a scroll of identify {unknown}
Potions
 d - 2 potions of might


   Skills:
 + Level 4.0 Fighting
 + Level 2.6 Long Blades
 + Level 3.8 Armour
 + Level 3.9 Shields


You had one spell level left.
You didn't know any spells.
Your spell library was empty.

Dungeon Overview and Level Annotations

Branches:
Dungeon (1/15)

Altars:


Innate Abilities, Weirdness & Mutations

You have a pair of horns on your head.
You reflexively headbutt those who attack you in melee.
You have sharp toenails.
You are occasionally teleported next to monsters.
You expend magic power (3 MP) to strengthen your wands.


Message History

Found a stone staircase leading down.
You see here a +2 vampiric whip.
You see here 2 poisoned darts.
Found a dagger.
You see here a +0 dagger.
You open the door.
There is an open door here.
There is an open door here.
There is an open door here.
You open the large door.
There is a large open door here.
There is a large open door here.
As you open the door, it creaks loudly!
There is an open door here.
There is an open door here.
Things that are here:
a +0 dagger; 4 stones
There is an open door here.
You open the door.
There is an open door here.
You open the door.
There is an open door here.
Done exploring.
Done exploring.
Done exploring.
Done exploring.
Done exploring.
It was a potion of magic.
Magic courses through your body.
It was a potion of mutation.
You feel extremely strange.
You feel weirdly uncertain.
Your toenails lengthen and sharpen.
You feel your magical essence link to the dungeon's wands.
(D) Dungeon
Where to? (? - help)
What level of the Dungeon? (default 1, ? - help)
You open the door.
There is an open door here.
There is an escape hatch in the floor here.
There is a staircase leading out of the dungeon here.
Are you sure you want to leave the Dungeon?
This will make you lose the game!
You have escaped!

.............+............P......
.............#.....#.....P.P~~P.#
.......#................P..~♣~~.#
#.....##...................♣~~.P#
#.....##..........#......P♣~~♣~P.
#...........>.#####.....P~♣~~~♣.#
#.............'...'......~~~~♣..#
#.............##>.#.......♣~♣..P.
####.#........##@.#........♣..♣..
####.'........#####..........P...
.....#........#####........P♣....
.....#............#......♣P......
..................###.....##.....
..................###.....###....
..............#...##.....#.....##
##............#..................
..............#..................


There were no monsters in sight!

Vanquished Creatures
  2 ball pythons (D:1)
  2 endoplasms (D:1)
  2 giant cockroaches (D:1)
  A goblin (D:1)
  A bat (D:1)
  A frilled lizard (D:1)
  2 kobolds (D:1)
  2 rats (D:1)
13 creatures vanquished.

Notes
Turn   | Place    | Note
-------+----------+-------------------------------------------
     0 | D:1      | Peloso the Minotaur Fighter began the quest for the Orb.
     0 | D:1      | Reached XP level 1. HP: 19/19 MP: 0/0
   183 | D:1      | Reached XP level 2. HP: 27/27 MP: 1/1
   284 | D:1      | Reached skill level 4 in Fighting
   611 | D:1      | Gained mutation: You are occasionally teleported next to
                  | monsters. [potion of mutation]
   611 | D:1      | Gained mutation: You have sharp toenails. [potion of
                  | mutation]
   611 | D:1      | Gained mutation: You expend magic power (3 MP) to
                  | strengthen your wands. [potion of mutation]
   634 | D:$      | Got out of the dungeon alive.

Illustrated notes

Levels and vault maps discovered:
D:1:      dpeg_arrival_tiny_a, layout_basic, serial_bayou_pond_a

Skill      XL: |  1  2 |
---------------+-------+-----
Fighting       | 4 |  4.0
Long Blades    | |  2.6
Armour         | |  3.8
Shields        | |  3.9

Action                     || total
---------------------------++-------
  Melee: Long sword        ||    23
         Headbutt          ||     5
    Use: Potion            ||     2
 Armour: Scale mail        ||    16
  Dodge: Dodged            ||     9
  Block: Buckler           ||     5
